Cogmind - Beta 16.1 @@@ ROGUE MODE // 2026.04.16 @ 15:02:30 Player: EdwardWolfeee Result: Destroyed by X-57 Shotgunner with Shotgun Performance ------------- Evolutions (2) 1000 Regions Visited (4) 800 Robots Destroyed (23) 115 Value Destroyed (748) 748 Prototype IDs (0) 0 Alien Tech Used (0) 0 Bonus (126) 126 TOTAL SCORE: 2789 Bonus ------- Follower Combat Kills 126 Cogmind --------- Core Integrity 0/550 Matter 299/300 Energy 100/100 System Corruption 1% Temperature Cool (0) Movement Core (350) Ox6 Location -8/Materials Parts ------- > --- POWER (1) -------- (None) > --- PROPULSION (4) --- (None) > --- UTILITY (4) ------ Large Storage Unit > --- WEAPON (2) ------- (None) > --- INVENTORY (15) --- Aluminum Leg Medium Storage Unit Improved Terrain Scan Processor Particle Charger Proton Missile Launcher Proton Missile Launcher Proton Missile Launcher Peak State ------------ > --- POWER ------------ Ion Engine > --- PROPULSION ------- Aluminum Leg Aluminum Leg Carbon-fiber Leg Carbon-fiber Leg > --- UTILITY ---------- Advanced Heat Sink Large Storage Unit Medium Armor Plating Improved Light Armor Plating > --- WEAPON ----------- Heavy Laser Proton Missile Launcher > --- INVENTORY -------- Ion Engine Light Ion Engine Aluminum Leg Aluminum Leg Medium Storage Unit Improved Terrain Scan Processor Particle Charger Medium Armor Plating Medium Armor Plating Shock Rifle Shock Rifle Shock Rifle Assault Rifle Proton Missile Launcher Proton Missile Launcher [Rating: 31] Favorites ----------- Power Ion Engine Engine Ion Engine Propulsion Aluminum Leg Leg Aluminum Leg Utility Large Storage Unit Device Advanced Heat Sink Storage Large Storage Unit Protection Improved Light Armor Plating Weapon EM Pulse Gun Energy Gun EM Pulse Gun Ballistic Gun Assault Rifle Launcher Proton Missile Launcher Build | -11 -10 -10 -9 -8 ------- Run | Yrd Mat Min Mat Mat Slots Evolved 4 | . . . 2 2 Power . | . . . . . Propulsion 2 | . . . 2 . Utility 2 | . . . . 2 Weapon . | . . . . . Parts Attached 35 | 7 1 . 6 21 Power 3 | 2 . . . 1 Engine 3 | 2 . . . 1 Core . | . . . . . Reactor . | . . . . . Propulsion 10 | 2 . . 2 6 Treads . | . . . . . Leg 10 | 2 . . 2 6 Wheel . | . . . . . Hover . | . . . . . Flight . | . . . . . Utility 13 | 1 1 . 3 8 Device 4 | . . . . 4 Storage 2 | 1 . . 1 . Processor . | . . . . . Hackware . | . . . . . Protection 7 | . 1 . 2 4 Artifact . | . . . . . Weapon 9 | 2 . . 1 6 Energy Gun 6 | 2 . . . 4 Energy Cannon . | . . . . . Ballistic Gun 1 | . . . 1 . Ballistic Cannon . | . . . . . Launcher 2 | . . . . 2 Special Weapon . | . . . . . Impact Weapon . | . . . . . Slashing Weapon . | . . . . . Piercing Weapon . | . . . . . Special Melee Weapon . | . . . . . Unidentified Prototypes . | . . . . . Parts Lost 20 | . . . 1 19 Power 3 | . . . . 3 Propulsion 6 | . . . . 6 Utility 5 | . . . . 5 Weapon 6 | . . . 1 5 Highest Loss Streak 14 | . . . 1 14 To Critical Strikes . | . . . . . Average Backups 10 | 1 4 7 10 14 Power 1 | . 1 1 1 1 Propulsion 1 | . . . . 2 Utility 4 | . 2 5 5 4 Weapon 3 | . 1 1 2 5 Tool/Special . | . . . . . Unused Backups 14 | . . . 4 10 Power . | . . . . . Propulsion 1 | . . . . 1 Utility 8 | . . . 4 4 Weapon 5 | . . . . 5 Tool/Special . | . . . . . Average Slot Usage (%) 92 | . 96 100 92 90 Engine 10 | . 14 14 11 8 Leg 32 | . 28 28 37 32 Device 6 | . . . . 12 Storage 10 | . 14 14 11 9 Protection 11 | . 10 14 11 11 Energy Gun 14 | . 28 28 13 7 Ballistic Gun 5 | . . . 8 6 Peak Build Rating 31 | 6 7 7 12 31 Average Rating 15 | 4 6 7 9 23 On Entrance 6 | . 6 7 7 12 Avg Prop Armor Cover (%) 8 | . . . . 8 Naked Turns . | . . . . . Heaviest Build 47 | 14 17 17 36 47 Greatest Support 50 | 20 20 20 40 50 Greatest Overweight (x) 6 | 4 . . . 6 Average Overweight (x) . | . . . . . Largest Inventory Capacity 15 | 8 8 8 15 15 Average Capacity 12 | 7 8 8 12 15 Most Carried 15 | 2 7 7 15 15 Average Carried 10 | 1 4 7 10 14 Final Capacity 15 | 8 8 8 15 15 Final Carried 15 | 2 7 7 15 7 Class Distribution -------------------- 65% | Mutant 34% | Scavenger-Mutant Dominant Class ---------------- Mutant | -10/Materials Mutant | -10/Mines Mutant | -9/Materials Scavenger-Mutant | -8/Materials Resources | -11 -10 -10 -9 -8 ----------- Run | Yrd Mat Min Mat Mat Matter Collected 723 | 270 10 . 71 372 Remotely . | . . . . . Salvage Created 932 | . 75 . 77 780 Parts 47 | . 4 . 3 40 Haulers Intercepted 1 | . . . . 1 Recyclers Shooed . | . . . . . Parts Field Recycled . | . . . . . Retrieved Matter . | . . . . . Parts Self-Destructed . | . . . . . Prevented . | . . . . . Parts Restored . | . . . . . Kills | -11 -10 -10 -9 -8 ------- Run | Yrd Mat Min Mat Mat Combat Hostiles Destroyed 18 | . 3 . 1 14 Guns 11 | . . . 1 10 AOE 7 | . 3 . . 4 Classes Destroyed 7 | . 2 . 2 3 Worker 1 | . 1 . . . Hauler 1 | . . . . 1 Mechanic 1 | . . . . 1 Watcher 2 | . . . 1 1 Swarmer 6 | . 3 . . 3 Grunt 8 | . . . 1 7 Sentry 4 | . . . . 4 Best Kill Streak 4 | . 4 . 1 4 Combat Bots Only 3 | . 3 . 1 3 Max Kills in Single Turn 3 | . 3 . 1 2 Gunslinging . | . . . . . Exploded 2 | . 2 . . 1 Melee . | . . . . . Uniques/NPCs Destroyed . | . . . . . Combat | -11 -10 -10 -9 -8 -------- Run | Yrd Mat Min Mat Mat Hostile Shots Fired 286 | . 7 . 21 258 Missed 89 | . . . 9 80 Hits 197 | . 7 . 12 178 Projectile 197 | . 7 . 12 178 Critical Strikes 8 | . . . . 8 Damage Taken 2899 | . 68 . 153 2678 Core 558 | . 6 . . 552 Absorbed by Shields . | . . . . . Core Remaining (%) 99 | 100 . 97 100 . Volleys Fired 84 | . 4 . 13 67 Largest 2 | . 2 . 2 2 Hottest 119 | . 80 . 60 119 Shots Fired 136 | . 8 . 20 108 Gun 126 | . 8 . 20 98 Cannon . | . . . . . Launcher 10 | . . . . 10 Special . | . . . . . Kinetic 53 | . . . 7 46 Thermal 30 | . . . . 30 Explosive . | . . . . . Electromagnetic 53 | . 8 . 13 32 Robot Hit Streak 10 | . 2 . 4 10 Robot Miss Streak 4 | . 3 . 3 4 Penetration Max . | . . . . . Secondary Targets 2 | . . . . 2 Max Gunslinging Chain 1 | . . . . 1 Shots Hit Robots 82 | . 3 . 12 67 Core Hits 41 | . 3 . 6 32 Critical Kills . | . . . . . Critical Parts Destroyed 1 | . . . . 1 Critical Strikes 3 | . . . . 3 Burn 1 | . . . . 1 Destroy 1 | . . . . 1 Corrupt 1 | . . . . 1 Melee Attacks . | . . . . . Impact . | . . . . . Slashing . | . . . . . Piercing . | . . . . . Sneak Attacks . | . . . . . Combat Hostiles . | . . . . . Follow-up Attacks . | . . . . . Damage Inflicted 2054 | . 191 . 160 1703 Guns 1129 | . 44 . 160 925 Cannons . | . . . . . Explosions 925 | . 147 . . 778 Melee . | . . . . . Ramming . | . . . . . Kinetic 413 | . . . 50 363 Thermal 723 | . 147 . . 576 Explosive . | . . . . . Electromagnetic 918 | . 44 . 110 764 Impact . | . . . . . Slashing . | . . . . . Piercing . | . . . . . Highest Corruption 1 | . . . . 1 Average Corruption 1 | . . . . 1 Corruption Purged . | . . . . . Corruption Blocked . | . . . . . Overload Shots . | . . . . . Overflow Damage 60 | . 12 . . 48 Projectiles . | . . . . . Explosions 60 | . 12 . . 48 Melee . | . . . . . Knockbacks . | . . . . . Impact . | . . . . . Kinetic . | . . . . . Secondary . | . . . . . Self-Inflicted Damage 152 | . 12 . . 140 Shots 8 | . 1 . . 7 Rammed . | . . . . . Targets Rammed . | . . . . . Kicked . | . . . . . Crushed . | . . . . . Highest Temperature 93 | . 93 . 18 39 Average Temperature 23 | . 53 . 12 13 Received Heat Transfer 1080 | . . . 81 999 Siege Activations . | . . . . . Martial Activations . | . . . . . Shielding Activations . | . . . . . Robots Disrupted . | . . . . . Combat Hostiles . | . . . . . Robots Corrupted . | . . . . . Combat Hostiles . | . . . . . Parts Fried 2 | . . . . 2 Impact Corruptions . | . . . . . Robots Melted . | . . . . . Combat Hostiles . | . . . . . Parts Melted 1 | . . . 1 . Heat Transferred 1340 | . 200 . . 1140 Parts Sabotaged . | . . . . . Parts Stolen . | . . . . . Parts Stripped . | . . . . . Power Chain Reactions 5 | . 2 . . 3 Alert | -11 -10 -10 -9 -8 ------- Run | Yrd Mat Min Mat Mat Maximum Alert Level . | . . . . . Low Security (%) 100 | 100 100 100 100 100 Level 1 . | . . . . . Level 2 . | . . . . . Level 3 . | . . . . . Level 4 . | . . . . . Level 5 . | . . . . . High Security . | . . . . . Max Security . | . . . . . Peak Influence 172 | . 110 34 105 172 Initial 34 | . . 34 . 14 Average 39 | . 26 7 43 52 Influence Increases 796 | . 124 . 176 496 Destroy 0b10 Robot/C 440 | . 60 . 100 280 Destroy 0b10 Robot/NC 25 | . 5 . 5 15 Destroy Leader 116 | . 10 . 32 74 Allied During Kill 10 | . . . 8 2 Successful Hack 11 | . 4 . . 7 Disable Machine 105 | . 45 . 15 45 Destroy Structure 14 | . . . 1 13 Lose Combat Pursuer 75 | . . . 15 60 Influence Decreases 778 | . 34 90 140 514 Entered New Map 78 | . . 56 . 22 Time Decay 510 | . 34 34 140 302 Lost Part 190 | . . . . 190 Squads Dispatched 2 | . . . . 2 Investigation . | . . . . . Extermination . | . . . . . Reinforcement 2 | . . . . 2 Assault . | . . . . . Garrison . | . . . . . Intercept . | . . . . . Searches Triggered . | . . . . . Construction Impeded . | . . . . . Haulers Reinforced . | . . . . . Active Scanning Responses . | . . . . . Cargo Convoy Interrupts . | . . . . . Stealth | -11 -10 -10 -9 -8 --------- Run | Yrd Mat Min Mat Mat Distress Signals 2 | . 1 . . 1 Communications Jammed . | . . . . . Distress Signals . | . . . . . Times Spotted 36 | . 4 . 6 26 Peak Tracking Total 5 | . 4 . 2 5 Tactical Retreats 3 | . . . 1 2 Traps | -11 -10 -10 -9 -8 ------- Run | Yrd Mat Min Mat Mat Traps Triggered . | . . . . . Indirectly . | . . . . . Trap Hack Attempts . | . . . . . Triggered . | . . . . . Disarmed . | . . . . . Reprogrammed . | . . . . . Reused . | . . . . . Traps Extracted . | . . . . . Installed . | . . . . . Triggered . | . . . . . Machines | -11 -10 -10 -9 -8 ---------- Run | Yrd Mat Min Mat Mat Machines Disabled 7 | . 3 . 1 3 Max in Single Turn 2 | . 2 . . 2 Machines Repaired . | . . . . . Machines Dismantled . | . . . . . Machines Sabotaged . | . . . . . Overloaded Fab Kills . | . . . . . Hacking | -11 -10 -10 -9 -8 --------- Run | Yrd Mat Min Mat Mat Machines Accessed 2 | . 1 . . 1 Terminals 2 | . 1 . . 1 Fabricators . | . . . . . Repair Stations . | . . . . . Recycling Units . | . . . . . Scanalyzers . | . . . . . Garrison Access . | . . . . . Total Hacks 6 | . 3 . . 3 Successful 4 | . 3 . . 1 Failed 2 | . . . . 2 Catastrophic 2 | . . . . 2 Database Lockouts . | . . . . . Manual 2 | . . . . 2 Terminals 6 | . 3 . . 3 Fabricators . | . . . . . Repair Stations . | . . . . . Recycling Units . | . . . . . Scanalyzers . | . . . . . Garrison Access . | . . . . . Terminal Hacks 4 | . 3 . . 1 Record 2 | . 2 . . . Branch Access Points 1 | . . . . 1 Locate Traps 1 | . 1 . . . Fabricator Hacks . | . . . . . Repair Station Hacks . | . . . . . Recycling Unit Hacks . | . . . . . Scanalyzer . | . . . . . Garrison Access Hacks . | . . . . . Unauthorized Hacks . | . . . . . Terminals . | . . . . . Fabricators . | . . . . . Repair Stations . | . . . . . Recycling Units . | . . . . . Scanalyzers . | . . . . . Garrison Access . | . . . . . Data Cores Recovered . | . . . . . Used . | . . . . . Hacking Detections 2 | . 1 . . 1 Full Trace Events . | . . . . . Feedback Events . | . . . . . Feedback Blocked . | . . . . . Robot Schematics Acquired . | . . . . . Robots Built . | . . . . . Authchips . | . . . . . Time . | . . . . . Total Robot Build Rating . | . . . . . Part Schematics Acquired . | . . . . . Parts Built . | . . . . . Authchips . | . . . . . Time . | . . . . . Total Part Build Rating . | . . . . . Part Studies Acquired . | . . . . . Parts Repaired . | . . . . . Time . | . . . . . Parts Recycled . | . . . . . Recycled Matter . | . . . . . Retrieved Matter . | . . . . . Retrieved Components . | . . . . . Parts Scanalyzed . | . . . . . Part Schematics Acquired . | . . . . . Parts Damaged . | . . . . . Bothacking | -11 -10 -10 -9 -8 ------------ Run | Yrd Mat Min Mat Mat Used RIF Installer . | . . . . . Robots Hacked . | . . . . . Non-combat . | . . . . . Combat . | . . . . . Robot Hacks Applied . | . . . . . Relay Couplers Released . | . . . . . Fabnet Peak Effective % . | . . . . . Robots Rewired . | . . . . . Allies Hacked . | . . . . . Hacks Repelled . | . . . . . Allies | -11 -10 -10 -9 -8 -------- Run | Yrd Mat Min Mat Mat Total Allies 2 | . . 2 . . Largest Group 2 | . . 2 1 1 Highest-Rated Group 41 | . . 41 31 31 Highest-Rated Ally 31 | . . 31 31 31 Total Orders . | . . . . . Ally Attacks 24 | . . . 15 9 Total Damage 399 | . . . 210 189 Kills 4 | . . . 4 . Allies Corrupted . | . . . . . Allies Melted . | . . . . . Intel | -11 -10 -10 -9 -8 ------- Run | Yrd Mat Min Mat Mat Active Infowar (turns) 1 | . . . . 1 ECM 1 | . . . . 1 Robot Analysis Total . | . . . . . Derelict Logs Recovered . | . . . . . Drone Launches . | . . . . . Drone Recoveries . | . . . . . Exploration | -11 -10 -10 -9 -8 ------------- Run | Yrd Mat Min Mat Mat Turns Passed 1612 | 60 190 209 341 812 Spaces Moved 982 | 39 138 153 227 425 Core 18 | 14 . . . 4 Treads . | . . . . . Legs 964 | 25 138 153 227 421 Wheels . | . . . . . Hover . | . . . . . Flight . | . . . . . Fastest Speed 50 | 50 120 120 120 120 Average Speed 124 | 126 120 120 120 130 Slowest Speed 350 | 250 120 120 120 350 Overloaded Moves . | . . . . . Propulsion Burnouts . | . . . . . Robots Hopped . | . . . . . Potential Cave-ins . | . . . . . Cave-ins Triggered . | . . . . . Exploration Rate (%) 24 | 3 22 37 22 36 Regions Visited 4 Branch Regions 1 Pre-discovered Areas 1 | . . 1 . . Known Exits Taken . | . . . . . Unknown Exits Taken 4 | 1 1 1 1 . Scrap Searched 1 | . . 1 . . Spaces Dug . | . . . . . Terrain Destroyed 11 | . . . . 11 Melee . | . . . . . Projectile . | . . . . . AOE 11 | . . . . 11 Terrain Rammed . | . . . . . Walls Destroyed . | . . . . . Machines Disabled . | . . . . . Actions | -11 -10 -10 -9 -8 --------- Run | Yrd Mat Min Mat Mat Total 1240 | 46 154 178 286 576 Wait 82 | . 7 26 16 33 Move 978 | 38 137 152 226 425 Hop . | . . . . . Pick Up 30 | 1 5 . 16 8 Fast Attach 12 | 6 1 . 2 3 Attach 10 | . . . 1 9 Detach . | . . . . . Swap 19 | 1 . . 3 15 Drop 25 | . . . 9 16 Fire 84 | . 4 . 13 67 Melee . | . . . . . Ram . | . . . . . Kick . | . . . . . Crush . | . . . . . Escape Stasis . | . . . . . Rewire . | . . . . . Trap . | . . . . . Miscellaneous . | . . . . . Route ------- -11/Scrapyard -10/Materials -10/Mines (discovered 2 exits: [*Mat] / [*Sub]) -9/Materials -8/Materials History --------- Turn | Location | Event 34 | -11/Scrapyard | Discovered new exit (range 14) 61 | -11/Scrapyard | Entered Materials 220 | -10/Materials | Discovered new exit (range 15) 251 | -10/Materials | Entered Mines 266 | -10/Mines | Met a Derelict bent on vengeance 313 | -10/Mines | Build established: Mutant 334 | -10/Mines | Discovered new exit (range 6) 433 | -10/Mines | Discovered new exit (range 15) 450 | -10/Mines | Learned location of Storage (-7) 460 | -10/Mines | Entered Materials 460 | -9/Materials | Accompanied by 1 ally 460 | -9/Materials | Evolved 2 slots: Propulsion x2 465 | -9/Materials | Led the pair of lost Derelicts to an unsafe place 786 | -9/Materials | Discovered new exit (range 5) 801 | -9/Materials | Entered another Materials area 801 | -8/Materials | Accompanied by 1 ally 801 | -8/Materials | Evolved 2 slots: Utility x2 1313 | -8/Materials | Build established: Scavenger-Mutant 1452 | -8/Materials | Lost 4 parts (2p1u1w) 1579 | -8/Materials | Core integrity fell below 50% 1600 | -8/Materials | Core integrity fell below 20% 1613 | -8/Materials | Destroyed by X-57 Shotgunner with Shotgun Last Messages --------------- M-28 Smith destroyed. Shock Rifle destroyed. Destroyed Shock Rifle. Acquired 3 matter. Acquired 10 matter. Acquired 9 matter. Aluminum Leg destroyed. U-05 Engineer builds a Wall. U-05 Engineer lays Concrete. U-05 Engineer builds a Wall. Hvy. Laser destroyed. U-05 Engineer lays Concrete. U-05 Engineer builds a Wall. U-05 Engineer lays Concrete. Med. Armor Plating destroyed. Aluminum Leg destroyed. U-05 Engineer builds a Door. U-05 Engineer builds a Wall. U-05 Engineer lays Concrete. U-05 Engineer builds a Wall. Map ----- +----------------------------------------------------+ | # # #??? # / / ## #??????? | | # # #??? ############ #??????? | | # """# #???? #??????????# #??????? | | # """# ########??????????# #??????? | | # / """# #??????????# #??????? | | # + #??????????# ######## | | # # #??????????# | | # ###+#### #??????????# | | # # ## #??????????# | | # # ="# #??????????############ | | # # "# ##???????????????????#! | | ######### !" ###+#######?????????#! | | ????????# " %# #?????????#] | | ????????# ""[/ #?????????# | | ????????# """ # #?????????#] | | ????????# """ # ####### #?????????#] | | ????????# """ ### ###???????????????????## | | ????????# " #?# #??????????????????????? | | ????????# #?# #??????????????????????? | | ????????# ! #?# #?????????????##+####### | | ????????#######?#a#???????????? | | ????????????????# #???????????? | | ????????????????# #???????????? | | ????????????????# #?????????????###### # | | ????????????????# ##########?????????# ?? | | ????????????????#@# #?????????# ??? | | ???????????##??##=#[ #?????????#???# | | ????########"#### #== #?????????????# | | ????# #!gx#=[! #?????????????# | | ????# /= =+ ![ #?????????????# | | ????# #! [#%%! #?????????????# | | ????# # #== #?????????#???# | | ????# """ "" # # #?????????# ??# | | ????# """ """ # # #?????????#^??# | | ????# """ """ # ##########?????????# ?? | | ????? + #??????????????????# ?? | | ?????#####+#### #??????????????????# # | | ????????? ???# #??????????????????# # | | ????????? ???# #??????????????????# | | ??????????????# #??????????????????????# | | ??????????????# #??????????????????????# | | ??????????????# #??????????????????????# | | ??????????????# #??????????????????????# | | ??????????????? #??????????????????????? | | ??????????????? ???????????????????????? | | ?????????????????????????????????????????? | | ?????????????????????????????????????????? | | ?????????????????????????????????????????? | | ?????????????????????????????????????????? | | ?????????????????????????????????????????? | +----------------------------------------------------+ Best States ------------- Heat Dissipation 50 Energy Generation 10 Energy Capacity 250 Matter Stores 300 Matter Capacity 300 Sight Range 16 Terrain Scan Density 10 Armor Coverage 375 Evasion (%) 55 Item Schematics ----------------- None Robot Schematics ------------------ None Fabricated ------------ Nothing Repaired ---------- Nothing Studied --------- None Alien Tech Used ----------------- None Achievements -------------- None Challenges ------------ None Game ------ Seed ShieldCommChronowheel Manual? 0 Play Time 00:33:13 Cumulative 7.2 hours Start 2026.04.16 @ 14:24:15 End 2026.04.16 @ 15:02:30 Sessions 1 Manual Loads 0 Difficulty Rogue Special Mode None Game No. 14 Rogue 14 Adventurer 0 Explorer 0 Win Type - Total 0 Types 0/0/0/0/0/0/0/0/0/0 Lore% 0 Gallery% 9 Achievement% 8 Wizard Run 0 Options --------- Layout 0 ASCII 0 Keyboard 0 Movement Mouse Keybinds 0 Fullscreen 2 Font 24/Smallcaps Map View 113x50 Zoom Use 0% Tactical HUD 0 Map Filters NONE Filters NONE Steam 1 RUN: 74f35f26-5b7a-4479-b38a-f6ebd12d9655